 Dungeon Crawl Stone Soup version 0.30.1-3-gfc49f6343a (webtiles) character file.

Game seed: 2690900029252595381

686 H0rd4k the Sneak (level 7, -1/44 HPs)
             Began as an Octopode Artificer on July 27, 2023.
             Slain by an orc
             ... wielding a +0 dagger
              (3 damage)
             ... on level 4 of the Dungeon.
             The game lasted 00:03:05 (2674 turns).

H0rd4k the Sneak (Octopode Artificer)               Turns: 2674, Time: 00:03:06

Health: -1/44      AC:  1    Str: 12    XL:     7   Next: 62%
Magic:  10/10      EV: 14    Int: 15    God:
Gold:   194        SH:  0    Dex: 12    Spells: 11/11 levels left

rFire   + . .        f - staff of poison
rCold   x . .        (no shield)
rNeg    . . .        (helmet restricted)
rPois   +            (no amulet)
rElec   .            m - ring of fire
rCorr   .            (no ring)
SInv    .            (no ring)
Will    .....        (no ring)
Stlth   ++++         (no ring)
HPRegen 0.27/turn    (no ring)
MPRegen 0.12/turn    (no ring)
                     (no ring)

%: no passive effects
@: flying
A: almost no armour, amphibious, 8 rings, camouflage 1, gelatinous body 1,
(nimble swimmer 1), tentacles
a: no special abilities


You were on level 4 of the Dungeon.
You visited 1 branch of the dungeon, and saw 4 of its levels.

You collected 194 gold pieces.

Inventory:

Missiles
 o - 2 throwing nets
 q - 3 curare-tipped darts
Magical Staves
 f - a staff of poison (weapon)
Jewellery
 m - a ring of fire (left tentacle)
 v - the ring of Olata {rPois AC+4}
   (You found it on level 4 of the Dungeon)

   [ring of protection]

   AC:        It affects your AC (+4).
   rPois:     It protects you from poison.
 y - a ring of poison resistance
 z - a ring of see invisible
Wands
 b - a wand of flame (11) (quivered)
 c - a wand of charming (12)
 d - a wand of iceblast (1)
 p - a wand of mindburst (13)
Scrolls
 a - 6 scrolls of identify {unknown}
 g - 2 scrolls of fog {unknown}
 h - 2 scrolls of poison {unknown}
 j - a scroll of noise {unknown}
 r - a scroll of blinking {unknown}
 u - a scroll of teleportation {unknown}
Potions
 e - a potion of flight
 i - a potion of ambrosia {unknown}
 k - a potion of lignification {unknown}
 l - a potion of brilliance {unknown}
 n - a potion of heal wounds {unknown}
 s - a potion of curing {unknown}
 t - a potion of berserk rage {unknown}
 w - a potion of degeneration {unknown}
 x - a potion of mutation {unknown}


   Skills:
 + Level 1.8 Fighting
 + Level 2.7 Staves
 + Level 3.7 Dodging
 + Level 5.1 Stealth
 + Level 0.9 Unarmed Combat
 * Level 2.5 Spellcasting
 + Level 3.1 Poison Magic
 + Level 4.9 Evocations


You had 11 spell levels left.
You didn't know any spells.
Your spell library was empty.

Dungeon Overview and Level Annotations

Branches:
Dungeon (4/15)
 Temple: D:4-7

Altars:
Dithmenos
Vehumet


Innate Abilities, Weirdness & Mutations

You cannot wear most types of armour.
You are amphibious.
You can wear up to eight rings at the same time.
Your skin changes colour to match your surroundings (Stealth+).
Your rubbery body absorbs attacks. (AC +1, EV +1)
((You are camouflaged when in or above water. (Stealth+)))
You have tentacles for arms and can constrict up to eight enemies at once.


Message History

The orc priest is severely wounded.
The orc closely misses you.
An orc comes into view. It is wielding a +0 dagger.
The orc priest invokes the aid of Beogh against you.
Beogh smites you!
You hit the orc priest but do no damage.
You grab the orc priest.
The orc priest is severely wounded.
You constrict the orc priest, but do no damage.
The orc misses you. The orc priest barely misses you.
You hit the orc priest.
You tentacle-slap the orc priest, but do no damage.
The orc priest is severely wounded.
You constrict the orc priest. The orc misses you.
The orc priest calls upon Beogh to heal the orc priest.
The orc priest is healed somewhat.
The orc priest barely misses you.
You hit the orc priest but do no damage.
The orc priest is heavily wounded.
You constrict the orc priest. The orc closely misses you. The orc misses you.
The orc priest hits you with a +0 hand axe.
You hit the orc priest.
You kill the orc priest!
The orc hits you from afar with a +0 trident.
The orc hits you with a +0 club.
You hit the orc. You grab the orc.
The orc is severely wounded.
You constrict the orc.
You kill the orc!
The orc barely misses you.
The orc priest hits you with a +0 morningstar!
* * * LOW HITPOINT WARNING * * *
The orc hits you from afar with a +0 trident.
* * * LOW HITPOINT WARNING * * *
It was a potion of flight.
You feel very buoyant.
You fly up into the air.
The orc hits you from afar with a +0 trident.
* * * LOW HITPOINT WARNING * * *
The orc hits you with a +0 dagger.
You die...

... ### #. ##. . #.###...
##.. ..#.... ##....
#....####......
#...##..o..... #....).o.#
#...@o# o.....# ##....##
.....# #......# o...#
##......## ...# #........#
#..## # #..##....# #...# #
####.####....# ###...####
###....# ##....###.......#.
#......#####.....#..†..#....


You could see an orc priest and 2 orcs.

Vanquished Creatures
  Pikel (D:4)
  A gnoll bouda (D:4)
  An orc priest (D:4)
  7 gnolls
  6 adders
  3 dart slugs
  5 orcs
  3 endoplasms
  2 giant cockroaches
  9 goblins
  6 hobgoblins
  7 kobolds
  6 quokkas
  2 ball pythons
  7 bats
  5 frilled lizards
  A rat (D:2)
72 creatures vanquished.

Vanquished Creatures (collateral kills)
  A kobold (D:4)
1 creature vanquished.

Grand Total: 73 creatures vanquished

Notes
Turn   | Place    | Note
-------+----------+-------------------------------------------
     0 | D:1      | H0rd4k the Octopode Artificer began the quest for the Orb.
     0 | D:1      | Reached XP level 1. HP: 13/13 MP: 1/1
   184 | D:1      | Reached XP level 2. HP: 18/18 MP: 2/2
   530 | D:1      | Reached skill level 2 in Stealth
   563 | D:1      | Reached XP level 3. HP: 23/23 MP: 3/3
  1179 | D:2      | Identified the +1 pair of boots of Faifeg {Fly}
  1364 | D:2      | Found a faded altar of an unknown god.
  1377 | D:2      | Reached XP level 4. HP: 24/28 MP: 3/5
  1640 | D:3      | Reached skill level 1 in Poison Magic
  1643 | D:3      | Reached skill level 1 in Spellcasting
  1786 | D:3      | Reached XP level 5. HP: 29/33 MP: 6/6
  1829 | D:3      | Found a shadowy altar of Dithmenos.
  1836 | D:3      | Reached skill level 3 in Stealth
  1859 | D:3      | Found a radiant altar of Vehumet.
  2220 | D:4      | Identified the ring of Olata {rPois AC+4}
  2317 | D:4      | Reached skill level 1 in Staves
  2475 | D:4      | Noticed a lemure
  2477 | D:4      | Noticed a lemure
  2477 | D:4      | Noticed Pikel
  2481 | D:4      | Noticed a lemure
  2501 | D:4      | Noticed a lemure
  2536 | D:4      | Killed Pikel
  2537 | D:4      | Reached skill level 5 in Stealth
  2537 | D:4      | Reached XP level 6. HP: 33/39 MP: 7/9
  2537 | D:4      | Reached XP level 7. HP: 37/44 MP: 7/10
  2674 | D:4      | HP: 2/44 [orc/+0 trident (4)]
  2674 | D:4      | Slain by an orc

Illustrated notes

Levels and vault maps discovered:
D:1:      saegor_arrival_simple_d, layout_basic
D:2:      layout_loops_ring, chequers_ecumenical_altar_island, st_stairs_13,
          minmay_cut_off
D:3:      layout_rooms, nicolae_vehumet_altar_sigil, old_standard_altar
D:4:      layout_layer_cave, lemuel_temple_firewalk_b, uniq_eustachio,
          uniq_pikel

Skill      XL: |  1  2  3  4  5 |
---------------+----------------+-----
Stealth        | 2 5 |  5.1
Evocations     | 4 |  4.9
Poison Magic   | 1 3 |  3.1
Spellcasting   | 1 2 |  2.5
Dodging        | 3 |  3.7
Staves         | 2 |  2.7
Fighting       | |  1.8
Unarmed Combat | |  0.9

Action                     |  1- 3 |  4- 6 |  7- 9 || total
---------------------------+-------+-------+-------++-------
  Melee: Unarmed           |    39 |       |       ||    39
         Constrict         |    21 |    17 |     3 ||    41
         Tentacles         |    13 |    19 |     2 ||    34
         Staff             |    51 |    54 |    11 ||   116
         Punch             |       |       |     1 ||     1
  Evoke: Wand              |       |    11 |       ||    11
    Use: Potion            |       |       |     1 ||     1
   Stab: Sleeping          |    13 |     2 |       ||    15
 Armour: Skin              |    10 |     1 |       ||    11
  Dodge: Dodged            |    52 |    34 |    12 ||    98
